 Dungeon Crawl Stone Soup version 0.17-a0-1923-gc35365e (webtiles) character file.

9464 mcbry74 the Fighter (level 11, -3/178 HPs)
             Began as a Troll Hunter on Sept 28, 2015.
             Was a Priest of the Shining One.
             Slain by a seven-headed hydra (12 damage)
             ... on level 11 of the Dungeon.
             The game lasted 01:22:39 (9171 turns).

mcbry74 the Fighter (Troll Hunter)                  Turns: 9171, Time: 01:22:39

Health: -3/178     AC: 10    Str: 23 (25) XL:     11   Next: 23%
Magic:  21/21      EV: 11    Int:  4 (7)  God:    the Shining One [***...]
Gold:   837        SH:  0    Dex: 11 (12) Spells: 0 memorised, 10 levels left

rFire  . . .     SeeInvis +     x - +10 falchion of Doom {flame, +Inv MP+9 Str-3 Stlth+}
rCold  + . .     Rnd*Rage +     L - +2 robe {rC+}
rNeg   + + .     SustAt   .     (no shield)
rPois  .         Gourm    +     S - +2 hat {SInv}
rElec  .         Spirit   .     (no cloak)
rCorr  .         Warding  .     (gloves unavailable)
rMut   .         Stasis   .     (boots unavailable)
MR     .....                    z - amulet of faith
Stlth  ..........               W - ring of stealth
                                v - ring of positive energy

@: berserking, glowing, very quick, not resistant to hostile enchantments,
extremely unstealthy
A: unfitting armour, claws 3, icy blue scales 1, berserk 1, deterioration 1,
fast metabolism 3, gourmand, mutation resistance 1, regeneration 3, shaggy fur
1, tough skin 2, subdued magic 1
a: Divine Shield, Renounce Religion, Evoke Invisibility


You were on level 11 of the Dungeon.
You worshipped the Shining One.
The Shining One was most pleased with you.
You were not hungry.

You visited 2 branches of the dungeon, and saw 12 of its levels.
You also visited: Ossuary.

You collected 837 gold pieces.

Inventory:

Hand weapons
 x - the +10 falchion of Doom (weapon) {flame, +Inv MP+9 Str-3 Stlth+}
   (You found it on level 7 of the Dungeon)

   It has been specially enchanted to burn those struck by it, causing extra
   injury to most foes and up to half again as much damage against particularly
   susceptible opponents.
   Big, fiery blades are also staple armaments of hydra-hunters.
   It affects your strength (-3).
   It affects your magic capacity (+9).
   It lets you turn invisible.
   It makes you more stealthy.
Missiles
 a - a large rock (quivered)
 b - 2 throwing nets
 I - 7 javelins
 Q - 2 tomahawks
Armour
 L - a +2 robe of cold resistance (worn)
 S - a +2 hat of see invisible (worn)
 V - a +2 robe of positive energy
Jewellery
 c - an uncursed ring of poison resistance
 v - a ring of positive energy (left claw)
 z - an amulet of faith (around neck)
 A - an uncursed ring of sustain attributes
 W - a ring of stealth (right claw)
Magical devices
 m - a wand of fire (8)
 n - a wand of polymorph (6)
 r - a wand of confusion (24)
 M - a wand of hasting (5)
 N - a wand of slowing (27)
 P - a wand of flame (42)
Scrolls
 f - a scroll of remove curse
 h - a scroll of identify
 i - a scroll of blinking
 j - 2 scrolls of fog
 k - 4 scrolls of teleportation
 y - 3 scrolls of magic mapping
 B - 2 scrolls of enchant weapon
 D - 4 scrolls of enchant armour
 E - a scroll of vulnerability {unknown}
 Z - 2 scrolls of amnesia {unknown}
Potions
 d - a potion of mutation
 g - 2 potions of magic
 l - 5 potions of curing
 p - a potion of agility
 q - 2 potions of might
 K - a potion of brilliance
 R - a potion of berserk rage
 U - a potion of haste
Books
 F - a book of Geomancy

   Spells                             Type                      Level
   a - Sandblast                      Earth                        1
   b - Stoneskin                      Transmutation/Earth          2
   c - Passwall                       Transmutation/Earth          3
   d - Stone Arrow                    Conjuration/Earth            3
   e - Petrify                        Transmutation/Earth          4
   f - Lee's Rapid Deconstruction     Earth                        5
Miscellaneous
 s - a plain deck of summoning
Comestibles
 e - 8 bread rations
 o - 6 chunks of flesh
 t - a fruit
 w - 6 royal jellies
 C - 10 beef jerkies
 J - 4 meat rations
 Y - a slice of pizza


   Skills:
 + Level 10.7 Fighting
 - Level 3.1 Long Blades
 * Level 4.4 Throwing
 - Level 4.1 Dodging
 - Level 0.4 Stealth
 * Level 9.6 Unarmed Combat
 + Level 2.9 Invocations


You had 10 spell levels left.
You didn't know any spells.

Dungeon Overview and Level Annotations

Branches:
Dungeon (11/15)            Temple (1/1) D:4            Lair (0/8) D:10
    Orc (0/4) D:10

Altars:
Ashenzari
Cheibriados
Dithmenos
Elyvilon
Fedhas
Gozag
Kikubaaqudgha
Makhleb
Nemelex Xobeh
Okawaru
Qazlal
Ru
Sif Muna
Vehumet
Xom
Yredelemnul
Zin
The Shining One
Lugonu

Shops:
D:6 *   D:8 *


Innate Abilities, Weirdness & Mutations

You are too large for most types of armour.
You have claws for hands.
Your metabolism is lightning-fast.
You like to eat raw meat.
You regenerate.
You are covered in fur (AC +1).
You have very tough skin (AC +2).
You are partially covered in icy blue scales (AC +1).
You tend to lose your temper in combat.
Your body sometimes deteriorates upon taking damage.
You are somewhat resistant to further mutation.
Your spells are a little easier to cast, but a little less powerful.


Message History

* * * LOW HITPOINT WARNING * * *
The eight-headed hydra bites you!
* * * LOW HITPOINT WARNING * * *
The eight-headed hydra bites you!
* * * LOW HITPOINT WARNING * * *
The eight-headed hydra bites you!
* * * LOW HITPOINT WARNING * * *
The eight-headed hydra bites you but does no damage.
The eight-headed hydra misses you.
You are too berserk!
You hack one of the eight-headed hydra's heads off!
The flame cauterises the wound!
You slash the seven-headed hydra! You burn the seven-headed hydra.
Your claw misses the seven-headed hydra.
The seven-headed hydra is almost dead.
The seven-headed hydra bites you!
* * * LOW HITPOINT WARNING * * *
The seven-headed hydra bites you but does no damage.
The seven-headed hydra bites you!
You die...

#.........≈§§§§§≈§##
#...........≈≈§≈≈≈#
#....####....##≈≈≈
#....#######.## §#
#......### ##.## ≈#
#........####..##≈≈#
#..........###.≈#§≈##
#..........D##.§§≈≈≈#
#..........@.#..§≈§≈#
#...........##..≈≈§##
#.........###≈..≈≈##
##........###§≈.§≈##
#........##§§≈..§##
#........#§§...###
#....(...#§..≈##
###..(..##..§≈##
#..(..#≈..≈§§##


You could see a seven-headed hydra.

Vanquished Creatures
  Gastronok (D:9)
  Erolcha (D:9)
  An ugly thing (D:10)
  2 molten gargoyles (D:11)
  Maurice (D:9)
  2 trolls
  A queen bee (D:9)
  A wyvern (D:10)
  A deep elf fighter (D:10)
  A wraith (D:10)
  2 hippogriffs
  2 necrophages (D:8)
  An ice beast (D:10)
  2 sky beasts
  3 phantoms
  A wasp (D:10)
  An orc warrior (D:10)
  3 ogres
  5 centaurs
  A big kobold (D:10)
  A water moccasin zombie (Ossuary)
  A giant frog (D:8)
  3 scorpions (D:4)
  21 killer bees
  3 vampire bats (D:2)
  An electric eel (D:10)
  A centaur zombie (D:10)
  A wasp zombie (D:6)
  10 crimson imps
  A jelly (D:9)
  An orc priest (D:5)
  6 hounds
  An iguana (D:8)
  5 lava snakes (D:11)
  3 orc wizards
  Jessica (D:2)
  A centaur skeleton (D:5)
  2 giant frog skeletons
  Natasha (thrice) (D:2)
  A killer bee zombie (D:7)
  A worker ant (D:6)
  A hound zombie (D:8)
  3 mummies
  A worker ant zombie (D:8)
  Robin (D:2)
  6 gnolls
  13 adders
  4 shadow imps
  2 white imps (D:8)
  4 adder zombies (Ossuary)
  2 adder skeletons
  3 worms
  6 giant geckos
  15 orcs
  14 bats
  3 bat skeletons (D:2)
  3 bat zombies (D:2)
  3 giant cockroaches
  17 goblins
  10 hobgoblins
  10 jackals
  10 kobolds
  4 quokkas
  A giant cockroach zombie (D:6)
  A giant gecko zombie (D:5)
  5 giant newts
  3 gnoll zombies (Ossuary)
  6 hobgoblin zombies (Ossuary)
  A jackal skeleton (D:5)
  4 kobold zombies (Ossuary)
  4 orc zombies (Ossuary)
  18 rats
279 creatures vanquished.

Vanquished Creatures (others)
  A rat (D:1)
  13 fungi (D:10)
  A plant (D:10)
15 creatures vanquished.

Grand Total: 294 creatures vanquished

Notes
Turn   | Place    | Note
--------------------------------------------------------------
     0 | D:1      | mcbry74 the Troll Hunter began the quest for the Orb.
     0 | D:1      | Reached XP level 1. HP: 19/19 MP: 0/0
   156 | D:1      | Reached XP level 2. HP: 22/28 MP: 1/1
   239 | D:1      | Found a glowing golden altar of the Shining One.
   296 | D:1      | Became a worshipper of the Shining One
   908 | D:2      | Noticed Jessica
   918 | D:2      | Killed Jessica
   918 | D:2      | Reached skill level 1 in Unarmed Combat
   918 | D:2      | Reached XP level 3. HP: 28/35 MP: 2/2
  1007 | D:2      | Noticed Robin
  1013 | D:2      | Noticed Natasha
  1041 | D:2      | Reached XP level 4. HP: 15/42 MP: 3/3
  1061 | D:2      | Killed Robin
  1061 | D:2      | HP: 2/42 [hobgoblin[Robin] (6)]
  1074 | D:2      | Killed Natasha
  1200 | D:2      | Found a shattered altar of Ashenzari.
  1322 | D:2      | Noticed Natasha
  1327 | D:2      | Killed Natasha
  1333 | D:2      | Noticed Natasha
  1336 | D:2      | Killed Natasha
  1428 | D:2      | Reached XP level 5. HP: 38/50 MP: 4/4
  1555 | D:2      | Acquired the Shining One's first power
  1569 | D:2      | Found a white marble altar of Elyvilon.
  1633 | D:2      | Found an ancient bone altar of Kikubaaqudgha.
  1633 | D:2      | Noticed a vampire bat
  1633 | D:2      | Noticed a vampire bat
  1636 | D:2      | Noticed a vampire bat
  1639 | D:2      | Killed a vampire bat
  1643 | D:2      | Killed a vampire bat
  1658 | D:2      | Killed a vampire bat
  1658 | D:2      | Reached XP level 6. HP: 59/59 MP: 5/5
  1944 | D:3      | Noticed a phantom
  1958 | D:3      | Killed a phantom
  1958 | D:3      | Reached skill level 4 in Throwing
  1978 | D:3      | Found a burning altar of Makhleb.
  2097 | D:3      | Acquired the Shining One's second power
  2220 | D:3      | Found a radiant altar of Vehumet.
  2547 | D:4      | Reached XP level 7. HP: 53/68 MP: 6/6
  2898 | D:4      | Found a staircase to the Ecumenical Temple.
  2919 | Temple   | Entered the Ecumenical Temple
  3030 | D:5      | Entered Level 5 of the Dungeon
  3374 | D:5      | Found a shattered altar of Ashenzari.
  3673 | D:5      | Found a sand-covered staircase.
  3698 | Ossuary  | Entered an ossuary
  3824 | Ossuary  | Acquired the Shining One's third power
  3839 | Ossuary  | Reached skill level 5 in Unarmed Combat
  4091 | D:5      | Reached XP level 8. HP: 76/79 MP: 7/7
  4230 | D:6      | Reached skill level 5 in Fighting
  4236 | D:5      | Gained mutation: You are weak. (Str -2) [potion of mutation]
  4236 | D:5      | Gained mutation: Your spells are a little easier to cast, but a little less powerful. [potion of mutation]
  4367 | D:6      | Gained mutation: You are partially covered in icy blue scales (AC +1). [potion of mutation]
  4367 | D:6      | Gained mutation: You are dopey. (Int -2) [potion of mutation]
  4367 | D:6      | Gained mutation: You regenerate. [potion of mutation]
  4368 | D:6      | Lost mutation: You are dopey. (Int -2) [potion of mutation]
  4368 | D:6      | Gained mutation: You tend to lose your temper in combat. [potion of mutation]
  4383 | D:6      | Found Guowoch's General Store.
  4392 | D:6      | Reached skill level 6 in Unarmed Combat
  4563 | D:6      | Reached skill level 1 in Invocations
  4721 | D:6      | Found a sparkling altar of Nemelex Xobeh.
  4860 | D:7      | Reached skill level 7 in Unarmed Combat
  4973 | D:7      | Found an iron altar of Okawaru.
  5294 | D:7      | Found an opulent altar of Gozag.
  5370 | D:7      | Gained mutation: Your body sometimes deteriorates upon taking damage. [mutagenic meat]
  5371 | D:7      | Lost mutation: You are weak. (Str -2) [mutagenic meat]
  5372 | D:7      | Gained mutation: You are somewhat resistant to further mutation. [mutagenic meat]
  5600 | D:7      | Got a steaming falchion
  5601 | D:7      | Identified the +10 falchion of Doom {flame, +Inv MP+9 Str-3 Stlth+} (You found it on level 7 of the Dungeon)
  5996 | D:8      | Found a stormy altar of Qazlal.
  6024 | D:8      | Acquired the Shining One's fourth power
  6030 | D:8      | Reached skill level 1 in Long Blades
  6044 | D:8      | Reached XP level 9. HP: 26/89 MP: 9/9
  6406 | D:8      | Found Ceefuhar's Assorted Antiques.
  6519 | D:8      | Got a pitted trident {distort}
  6520 | D:8      | Identified the +5 trident "Qaudoc" {distort, rC+ Dex+2} (You took it off an orc on level 8 of the Dungeon)
  6655 | D:9      | Found a sacrificial altar of Ru.
  6668 | D:9      | Noticed Gastronok
  6685 | D:9      | Killed Gastronok
  6685 | D:9      | Reached skill level 8 in Fighting
  6685 | D:9      | Reached XP level 10. HP: 13/105 MP: 10/10
  6947 | D:9      | Noticed Maurice
  7044 | D:9      | Found a snail-covered altar of Cheibriados.
  7078 | D:9      | Killed Maurice
  7252 | D:9      | Reached skill level 9 in Fighting
  7276 | D:9      | Noticed Erolcha
  7293 | D:9      | Killed Erolcha
  7872 | D:9      | Found a shadowy altar of Dithmenos.
  7886 | D:10     | Entered Level 10 of the Dungeon
  7893 | D:10     | Reached skill level 10 in Fighting
  7899 | D:10     | Noticed a purple ugly thing
  7912 | D:10     | Killed a purple ugly thing
  7966 | D:10     | Got a crude hand axe
  7967 | D:10     | Identified the cursed +3 hand axe "Seorezxeth" {flame, *Noise rF+ Str+10 Dex+7} (You found it on level 10 of the Dungeon)
  8068 | D:10     | Found a sparkling altar of Nemelex Xobeh.
  8099 | D:10     | Reached XP level 11. HP: 112/118 MP: 11/11
  8318 | D:10     | Found a staircase to the Orcish Mines.
  8400 | D:10     | Found a staircase to the Lair.
  9004 | D:11     | Noticed an eight-headed hydra
  9038 | D:11     | HP: 5/119 [ten-headed hydra (10)]
  9171 | D:11     | Slain by a seven-headed hydra

Vault maps used:
D:1:      saegor_arrival_miasma, minmay_misc_feat_roman, minmay_liquid_box,
          tso_metal_star
D:2:      elyvilon_altar_4, kennysheep_vampire_church,
          nicolae_ashenzari_panopticon, uniq_robin, uniq_natasha, uniq_jessica
D:3:      makhleb_heckhound_becter, vehumet_crystals, hangedman_decor_points
D:4:      minmay_temple_entry_statues_pillars
D:5:      lemuel_doored_altar, first_bread, gup_ossuary_entry_pyramid
D:6:      kennysheep_little_box, serial_shops, shop
D:7:      lemuel_coloured_pillars_altar, grunt_gozag_statues, grunt_ogre_cave
D:8:      basic_altar, serial_shops, nicolae_shop_overgrown_old_shop,
          minmay_nine_imps
D:9:      nicolae_ru_awakened_eye, cheibriados_altar_1, kennysheep_mini_moat,
          nicolae_overflow_hidden_temple, special_room, uniq_gastronok,
          uniq_erolcha, uniq_maurice
D:10:     grunt_lair_entry_elf_guard_hut, basic_altar, serial_bayou_pond_b,
          minmay_radiant
D:11:     cheibrodos_magma_flow
Temple:   corrupted_temple
Ossuary:  ossuary_tomb_2

Action                   |  1- 3 |  4- 6 |  7- 9 | 10-12 || total
-------------------------+-------+-------+-------+-------++-------
Melee: Unarmed           |    78 |   146 |   188 |    38 ||   450
       Falchion          |       |       |    93 |   198 ||   291
Throw: Stone             |    20 |    58 |     6 |     4 ||    88
       Javelin           |       |       |    10 |       ||    10
       Large rock        |       |       |     3 |    11 ||    14
       Throwing net      |       |       |     3 |       ||     3
       Tomahawk          |       |       |       |     4 ||     4
Invok: Divine Shield     |       |       |     4 |    11 ||    15
  Use: Potion            |       |     6 |    15 |     2 ||    23
       Scroll            |       |     7 |     3 |    15 ||    25
 Stab: Sleeping          |       |       |     1 |       ||     1
  Eat: Chunk             |    13 |     8 |    29 |    19 ||    69
       Bread ration      |       |       |     2 |     1 ||     3
       Pizza             |       |       |     2 |       ||     2
       Royal jelly       |       |       |     1 |     1 ||     2
       Meat ration       |       |       |     1 |       ||     1
       Fruit             |       |       |     1 |       ||     1
       Beef jerky        |       |       |       |     1 ||     1
